 Dungeon Crawl Stone Soup version 0.28-a0-1518-gbe868bca14 (webtiles) character file.

Game seed: 117842228508322407

72 issech the Vexing (level 4, -3/25 HPs)
             Began as a Deep Elf Arcane Marksman on Jan 17, 2022.
             Slain by Grinder (6 damage)
             ... on level 3 of the Dungeon.
             The game lasted 00:15:44 (2788 turns).

issech the Vexing (Deep Elf Arcane Marksman)        Turns: 2788, Time: 00:15:44

Health: -3/25      AC: 10    Str:  7    XL:     4   Next: 7%
Magic:  8/8        EV: -1    Int: 18    God:
Gold:   52         SH:  0    Dex: 23    Spells: 5/6 levels left

rFire   . . .      SeeInvis .   a - +1 shortbow
rCold   . . .      Faith    .   (shield currently unavailable)
rNeg    . . .      Spirit   .   w - +0 plate armour
rPois   .          Reflect  .   (no helmet)
rElec   .          Harm     .   (no cloak)
rCorr   .          Rampage  .   (no gloves)
Will    .....                   (no boots)
Stlth   ..........              (no amulet)
HPRegen 0.08/turn               q - +6 ring of dexterity
MPRegen 0.11/turn               (no ring)

@: no status effects
A: no striking features
a: no special abilities


You were on level 3 of the Dungeon.
You visited 1 branch of the dungeon, and saw 3 of its levels.

You collected 52 gold pieces.

Inventory:

Hand Weapons
 a - a +1 shortbow (weapon)
 e - a +0 short sword
 f - a +0 dagger
 g - a +0 flail
 j - a +0 dagger
 k - a +0 dagger
 n - a +0 whip
 o - a +0 spear
 s - a +0 club
 t - a +0 short sword
 u - a +0 dagger of draining
 v - a +0 dagger
 x - a +0 club
Missiles
 b - 112 stones
 l - 20 sling bullets
Armour
 d - a +1 robe
 i - a +0 leather armour
 w - a +0 plate armour (worn)
 y - a +0 leather armour
Magical Staves
 p - a staff of fire
Jewellery
 q - a +6 ring of dexterity (left hand)
Scrolls
 m - 2 scrolls of identify {unknown}
 r - a scroll of noise {unknown}
Potions
 h - 2 potions of curing {unknown}


   Skills:
 + Level 1.2 Fighting
 + Level 4.4 Bows
 + Level 3.1 Dodging
 + Level 0.3 Stealth
 + Level 1.5 Spellcasting
 + Level 4.6 Hexes


You had 5 spell levels left.
You knew the following spells:

 Your Spells              Type           Power      Damage    Failure   Level
a - Slow                  Hex            72%        N/A       100%        1

Your spell library contained the following spells:

 Spells                   Type           Power      Damage    Failure   Level
 Inner Flame              Hex/Fire       9%         N/A       100%        3
 Portal Projectile        Hex/Tloc       18%        N/A       100%        3
 Cause Fear               Hex            9%         N/A       100%        4


Dungeon Overview and Level Annotations

Branches:
Dungeon (3/15)

Altars:

Annotations:
D:3 Grinder


Message History

Grinder is moderately wounded.
Grinder hits you but does no damage.
Fire: 6 arrows
Press: ? - help, Q - select action, (/) - cycle Shift-Dir - straight line, f/p - Grinder
Aim: Grinder (moderately wounded, 63% to hit)
You shoot an arrow. The arrow closely misses Grinder.
Grinder blinks!
Fire: 5 arrows
Press: ? - help, Q - select action, (/) - cycle Shift-Dir - straight line, f/p - Grinder
Aim: Grinder (moderately wounded, 63% to hit)
You shoot an arrow. The arrow hits Grinder!
Grinder is heavily wounded.
Fire: 4 arrows
Press: ? - help, Q - select action, (/) - cycle Shift-Dir - straight line, f/p - Grinder
Aim: Grinder (heavily wounded, 63% to hit)
You shoot an arrow. The arrow barely misses Grinder.
Fire: 3 arrows
Press: ? - help, Q - select action, (/) - cycle Shift-Dir - straight line, f/p - Grinder
Aim: Grinder (heavily wounded, 63% to hit)
You shoot an arrow. The arrow hits Grinder.
Grinder is severely wounded.
Grinder gestures at you. Pain shoots through your body!
* * * LOW HITPOINT WARNING * * *
Fire: 2 arrows
Press: ? - help, Q - select action, (/) - cycle Shift-Dir - straight line, f/p - Grinder
Aim: Grinder (severely wounded, 63% to hit)
You shoot an arrow. The arrow barely misses Grinder.
Grinder blinks!
Fire: arrow
Press: ? - help, Q - select action, (/) - cycle Shift-Dir - straight line, f/p - Grinder
Aim: Grinder (severely wounded, 63% to hit)
You shoot an arrow. The arrow barely misses Grinder.
Grinder blinks!
Unknown command.
Unknown command.
Sorry, you're not good enough to have a special ability.
Sorry, you're not good enough to have a special ability.
Grinder hits you.
You die...

# .# #. ####.##.#
.. ######(......#
.# #
#....§.@.#.### .#
.##. #§.(...5##
.#
.....#(..##.#.#
.# #..(......##.#
#.#####.###..####
.# ........
#..#####.. ..
.#######
##.......... . .#
#>..#####.##.##
.## #...# #.##..
####


You could see Grinder.

Vanquished Creatures
  A gnoll (D:1)
  2 adders (D:2)
  2 dart slugs
  An orc (D:3)
  5 ball pythons
  3 bats
  8 endoplasms
  A giant cockroach (D:2)
  3 quokkas
  2 frilled lizards (D:2)
  2 goblins
  5 kobolds
  3 rats
38 creatures vanquished.

Notes
Turn   | Place    | Note
-------+----------+-------------------------------------------
     0 | D:1      | issech the Deep Elf Arcane Marksman began the quest for the
                  | Orb.
     0 | D:1      | Reached XP level 1. HP: 11/11 MP: 5/5
   211 | D:1      | Reached XP level 2. HP: 16/16 MP: 6/6
  1120 | D:2      | Reached XP level 3. HP: 20/20 MP: 7/7
  2016 | D:2      | Reached skill level 1 in Fighting
  2541 | D:3      | Reached XP level 4. HP: 25/25 MP: 8/8
  2769 | D:3      | Noticed Grinder
  2769 | D:3      | Paralysed by Grinder for 5 turns
  2788 | D:3      | Slain by Grinder

Illustrated notes

Levels and vault maps discovered:
D:1:      nicolae_arrival_washed_ashore, layout_basic
D:2:      minmay_chambers_of_twos, layout_loops_ring, nrook_uturn,
          minmay_misc_feat_plants
D:3:      minmay_chambers_of_threes, layout_loops_cross, uniq_pargi,
          uniq_grinder

Skill      XL: |  1  2  3 |
---------------+----------+-----
Bows           | 3 4 |  4.4
Dodging        | 3 |  3.1
Fighting       | 1 |  1.2
Stealth        | |  0.3
Spellcasting   | |  1.5
Hexes          | |  4.6

Action                   |  1- 3 |  4- 6 || total
-------------------------+-------+-------++-------
Melee: Dagger            |       |    19 ||    19
 Fire: Shortbow          |    92 |    11 ||   103
Throw: Stone             |       |     2 ||     2
  Use: Scroll            |     3 |       ||     3
Armor: Robe              |     5 |     2 ||     7
       Plate armour      |       |    11 ||    11
Dodge: Dodged            |    28 |    10 ||    38

Table legend: (Time is in decaauts)
 A = Elapsed time spent in this place.
 B = Non-inter-level travel time spent in this place.
 C = Inter-level travel time spent in this place.
 D = Time resting spent in this place.
 E = Time spent auto-exploring this place.
 F = Levels seen in this place.
 G = Mean time per level.
                   A        B        C        D        E       F      G
               +--------+--------+--------+--------+--------+-----+--------+
         Total |   2801 |   2801 |      0 |    309 |    807 |   3 |  933.7 |
       Dungeon |   2801 |   2801 |      0 |    309 |    807 |   3 |  933.7 |
               +--------+--------+--------+--------+--------+-----+--------+

Top non-repeatable levels by time:
     D:2: 1382 daAuts
     D:1: 1102 daAuts
     D:3: 315 daAuts
